 Dungeon Crawl Stone Soup version 0.24-a0-417-g1cce26a4d2 (webtiles) character file.

Game seed: 8349408481742341284

2128739 Flugkiller the Ruinous (level 27, 186/186 HPs)
             Began as an Octopode Fire Elementalist on June 11, 2019.
             Was the Champion of Vehumet.
             Escaped with the Orb
             ... and 4 runes on June 12, 2019!
             The game lasted 02:44:38 (85083 turns).

Flugkiller the Ruinous (OpFE)                      Turns: 85083, Time: 02:44:38

Health: 186/186    AC: 11    Str:  9    XL:     27
Magic:  44/44      EV: 26    Int: 31    God:    Vehumet [******]
Gold:   5609       SH:  6    Dex: 21    Spells: 8/60 levels left

rFire    + . .     SeeInvis +   r - staff of conjuration
rCold    . . .     Gourm    .   v - +0 buckler
rNeg     + . .     Faith    .   X - +2 hat
rPois    .         Spirit   .   u - amulet of Dotarphau {RegenMP +Blink Int+3}
rElec    +         Reflect  .   Y - ring "Witanan" {rN+ AC+6}
rCorr    .         Harm     .   x - ring of protection from magic
MR       ++++.                  q - +3 ring of evasion
Stlth    ++........             F - ring "Osos" {MR+ AC+2 Str+3}
HPRegen  0.41/turn              z - ring "Ducw" {rC+ Str-2 Dex+7 Stlth+}
MPRegen  0.54/turn              m - ring of fire
                                G - ring of ice
                                j - ring of the Turtle {Fire rElec Slay+4 SInv Stlth+}

@: no status effects
A: almost no armour, stealthy swim, amphibious, 8 rings, constrict 8, antennae
1, camouflage 1, gelatinous body 1, MP-powered wands
0: Orb of Zot
}: 4/15 runes: barnacled, slimy, silver, gossamer
a: Renounce Religion, Evoke Blink


You escaped.
You worshipped Vehumet.
Vehumet was exalted by your worship.
You were not hungry.

You visited 11 branches of the dungeon, and saw 55 of its levels.
You visited 1 bazaar.
You also visited: Bailey, Ice Cave and Desolation.

You collected 8738 gold pieces.
You spent 3129 gold pieces at shops.

Inventory:

Hand Weapons
 a - the +1 hand crossbow "Kaydgh" {penet, -Tele rElec rPois rF+}
   (You found it on level 2 of the Depths)

   Ammo fired by it will pass through the targets it hits, potentially hitting
   all targets in its path until it reaches maximum range.
   It protects you from fire.
   It insulates you from electricity.
   It protects you from poison.
   It prevents most forms of teleportation.
Missiles
 t - 11 throwing nets (quivered)
 y - 16 curare-tipped darts
Armour
 v - a +0 buckler (worn)
   (You found it on level 7 of the Dungeon)
 X - a +2 hat (worn)
   (You found it on level 2 of the Vaults)
Magical Staves
 r - an uncursed staff of conjuration (weapon)
   (You took it off a crimson imp on level 14 of the Dungeon)
Jewellery
 j - the ring of the Turtle (on tentacle) {Fire rElec Slay+4 SInv Stlth+}
   (You bought it in a shop on level 2 of the Orcish Mines)

   [ring of fire]

   It enhances your fire magic.
   It affects your accuracy and damage with ranged weapons and melee attacks
   (+4).
   It protects you from fire.
   It makes you vulnerable to cold.
   It insulates you from electricity.
   It lets you see invisible.
   It makes you more stealthy.
 m - a ring of fire (on tentacle)
   (You bought it in a shop on level 3 of the Shoals)
 q - a +3 ring of evasion (on tentacle)
   (You found it on level 6 of the Dungeon)
 u - the amulet of Dotarphau (around mantle) {RegenMP +Blink Int+3}
   (You found it on level 3 of the Shoals)

   [amulet of magic regeneration]

   It increases your magic regeneration.
   It affects your intelligence (+3).
   It lets you blink.
 x - a ring of protection from magic (right tentacle)
   (You took it off a tengu conjurer on level 15 of the Dungeon)
 z - the ring "Ducw" (on tentacle) {rC+ Str-2 Dex+7 Stlth+}
   (You found it on level 14 of the Dungeon)

   [ring of protection from cold]

   It affects your strength (-2).
   It affects your dexterity (+7).
   It protects you from cold.
   It makes you more stealthy.
 E - the ring of Muniuzump {+Inv rC+ Str+3 Dex-4 Stlth+}
   (You acquired it on level 3 of the Lair of Beasts)

   [ring of strength]

   It affects your strength (+3).
   It affects your dexterity (-4).
   It protects you from cold.
   It lets you turn invisible.
   It makes you more stealthy.
 F - the ring "Osos" (on tentacle) {MR+ AC+2 Str+3}
   (You acquired it on level 3 of the Spider Nest)

   [ring of protection]

   It affects your AC (+2).
   It affects your strength (+3).
   It affects your resistance to hostile enchantments.
 G - a ring of ice (on tentacle)
   (You found it on level 5 of the Pits of Slime)
 N - the ring of Zeopt {rPois rF+ rN+ Dex+2 Stlth-}
   (You acquired it on level 3 of the Lair of Beasts)

   [ring of dexterity]

   It affects your dexterity (+2).
   It protects you from fire.
   It protects you from poison.
   It protects you from negative energy.
   It makes you less stealthy.
 R - the ring "Col Bui" {rElec rF+}
   (You acquired it on level 5 of the Lair of Beasts)

   [ring of protection from fire]

   It protects you from fire.
   It insulates you from electricity.
 Y - the ring "Witanan" (left tentacle) {rN+ AC+6}
   (You took it off an orc on level 14 of the Dungeon)

   [ring of protection]

   It affects your AC (+6).
   It protects you from negative energy.
Wands
 f - a wand of disintegration (44)
   (You found it on level 4 of the Lair of Beasts)
 n - a wand of enslavement (22)
   (You found it on level 3 of the Vaults)
 p - a wand of iceblast (37)
   (You found it on level 4 of the Lair of Beasts)
 A - a wand of clouds (4)
   (You found it on level 1 of the Spider Nest)
 K - a wand of scattershot (5)
   (You found it on level 5 of the Vaults)
 P - a wand of digging (25)
   (You took it off a deep elf mage on level 3 of the Elven Halls)
 V - a wand of paralysis (36)
   (You found it on level 13 of the Dungeon)
 Z - a wand of acid (33)
   (You found it on level 1 of the Elven Halls)
Scrolls
 d - 4 scrolls of holy word
 e - 12 scrolls of identify
 k - 17 scrolls of teleportation
 l - 6 scrolls of blinking
 o - 6 scrolls of amnesia
 s - 9 scrolls of fog
 w - 11 scrolls of enchant armour
 B - 29 scrolls of remove curse
 H - 7 scrolls of vulnerability
 I - a scroll of summoning
 S - 2 scrolls of magic mapping
 W - 6 scrolls of fear
Potions
 b - 27 potions of curing
 g - 6 potions of magic
 h - 12 potions of brilliance
 i - 6 potions of mutation
 C - 5 potions of ambrosia
 D - 5 potions of resistance
 J - 7 potions of cancellation
 M - 11 potions of heal wounds
 O - 5 potions of haste
 T - 5 potions of lignification
 U - a potion of invisibility
Miscellaneous
 L - 4 phantom mirrors
Comestibles
 c - 44 rations


   Skills:
 - Level 15.0 Fighting
 - Level 11.0 Dodging
 - Level 2.6 Stealth
 - Level 4.2 Shields
 - Level 17.0 Spellcasting
 + Level 24.9 Conjurations
 - Level 6.0 Necromancy
 + Level 24.9 Fire Magic
 + Level 23.0 Ice Magic
 - Level 5.0 Evocations


You had 8 spell levels left.
You knew the following spells:

 Your Spells              Type           Power        Failure   Level  Hunger
a - Regeneration          Chrm/Necr      #####.....   1%          3    None
b - Bolt of Cold          Conj/Ice       #########.   0%          6    ##.....
c - Sublimation of Blood  Necr           ######....   1%          2    None
d - Sticky Flame          Conj/Fire      ########     0%          4    None
e - Fireball              Conj/Fire      #########.   0%          5    None
f - Bolt of Fire          Conj/Fire      #########.   0%          6    ##.....
g - Fire Storm            Conj/Fire      #########.   1%          9    #######
h - Glaciate              Conj/Ice       #########.   2%          9    #######
i - Ignition              Fire           #########.   1%          8    ######.

Your spell library contained the following spells:

 Spells                   Type           Power        Failure   Level  Hunger
 Lehudib's Crystal Spear  Conj/Erth      ########..   17%         8    ######.
 Flame Tongue             Conj/Fire      #####        0%          1    None
 Freeze                   Ice            ####         0%          1    None
 Throw Flame              Conj/Fire      ######       0%          2    None
 Throw Frost              Conj/Ice       ######       0%          2    None
 Conjure Flame            Conj/Fire      ########     0%          3    None
 Throw Icicle             Conj/Ice       ########     0%          4    None
 Beastly Appendage        Tmut           ####..       1%          1    None
 Confusing Touch          Hex            ####..       1%          1    None
 Corona                   Hex            ####...      1%          1    None
 Infusion                 Chrm           ####         1%          1    None
 Sandblast                Erth           ####..       1%          1    None
 Summon Butterflies       Summ           ####....     1%          1    None
 Corpse Rot               Necr           N/A          1%          2    None
 Ensorcelled Hibernation  Hex/Ice        ######       1%          2    None
 Dazzling Spray           Conj/Hex       ######       1%          3    None
 Ignite Poison            Fire/Tmut/Pois ########     1%          3    None
 Inner Flame              Hex/Fire       ########     1%          3    None
 Ozocubu's Armour         Chrm/Ice       #######.     1%          3    None
 Static Discharge         Conj/Air       ########     1%          3    None
 Stone Arrow              Conj/Erth      ######       1%          3    None
 Ice Form                 Ice/Tmut       #######.     1%          4    None
 Summon Ice Beast         Ice/Summ       #######.     1%          4    None
 Bolt of Magma            Conj/Fire/Erth #########.   1%          5    None
 Irradiate                Conj/Tmut      ########..   1%          5    None
 Iskenderun's Battlesphe  Conj/Chrm      ########     1%          5    None
 Lightning Bolt           Conj/Air       ########..   1%          5    None
 Metabolic Englaciation   Hex/Ice        #######...   1%          5    None
 Venom Bolt               Conj/Pois      ########..   1%          5    None
 Freezing Cloud           Conj/Ice/Air   ########..   1%          6    ##.....
 Iron Shot                Conj/Erth      ########..   1%          6    ##.....
 Orb of Destruction       Conj           ########..   1%          7    ####...
 Passwall                 Tmut/Erth      ####....     2%          2    None
 Shroud of Golubria       Chrm/Tloc      ####..       2%          2    None
 Slow                     Hex            ####....     2%          2    None
 Song of Slaying          Chrm           ####....     2%          2    None
 Sticks to Snakes         Tmut           ####....     2%          2    None
 Spellforged Servitor     Conj/Summ      ########..   2%          7    ####...
 Call Canine Familiar     Summ           ####....     4%          3    None
 Confuse                  Hex            ####....     4%          3    None
 Gell's Gravitas          Tloc           ####......   4%          3    None
 Portal Projectile        Hex/Tloc       ####..       4%          3    None
 Recall                   Summ/Tloc      N/A          4%          3    None
 Spectral Weapon          Hex/Chrm       ####....     4%          3    None
 Spider Form              Tmut/Pois      ####......   4%          3    None
 Summon Guardian Golem    Hex/Summ       ####....     4%          3    None
 Teleport Other           Tloc           ####....     4%          3    None
 Tukima's Dance           Hex            ####....     4%          3    None
 Ring of Flames           Chrm/Fire      ########..   9%          7    ####...
 Lee's Rapid Deconstruct  Erth           ####......   12%         5    None
 Yara's Violent Unravell  Hex/Tmut       ####......   12%         5    None
 Borgnjor's Vile Clutch   Necr/Erth      #####.....   13%         5    None
 Excruciating Wounds      Chrm/Necr      #####.....   13%         5    None
 Cause Fear               Hex            ####......   16%         4    None
 Leda's Liquefaction      Hex/Erth       ####......   16%         4    None
 Petrify                  Tmut/Erth      ####....     16%         4    None
 Summon Lightning Spire   Summ/Air       ####....     16%         4    None
 Death Channel            Necr           ######....   21%         6    ##.....
 Alistair's Intoxication  Tmut/Pois      ####....     41%         5    None
 Blade Hands              Tmut           ####......   41%         5    None
 Silence                  Hex/Air        ####......   41%         5    None
 Summon Mana Viper        Hex/Summ       ####....     41%         5    None
 Dispersal                Tloc           ####......   94%         6    ##.....
 Invisibility             Hex            ####....     94%         6    ##.....
 Statue Form              Tmut/Erth      ####.....    94%         6    ##.....
 Dragon Form              Tmut           ####......   100%        7    ####...
 Malign Gateway           Summ/Tloc      ####......   100%        7    ####...
 Summon Hydra             Summ           ####......   100%        7    ####...
 Dragon's Call            Summ           ####......   100%        9    #######
 Shatter                  Erth           ####......   100%        9    #######
 Tornado                  Air            ####......   100%        9    #######


Dungeon Overview and Level Annotations

Branches:
Dungeon (15/15)            Temple (1/1) D:7            Lair (6/6) D:8
 Shoals (4/4) Lair:3       Spider (4/4) Lair:2        Slime (5/5) Lair:6
    Orc (2/2) D:12            Elf (3/3) Orc:2        Vaults (5/5) D:14
  Crypt (0/3) Vaults:3     Depths (5/5) D:15            Zot (5/5) Depths:5

Altars:
Ashenzari
Cheibriados
Dithmenos
Hepliaklqana
Kikubaaqudgha
Makhleb
Okawaru
Sif Muna
Uskayaw
Vehumet
Wu Jian
Xom
Yredelemnul
Zin
The Shining One
Beogh

Shops:
D:7 *   D:10 =   D:11 :   Orc:2 =([[   Elf:2 =   Elf:3 :   Shoals:1 [
Shoals:3 (=*   Depths:1 !   Depths:3 ?   Depths:4 =

Portals:
Hell: Depths:1 Depths:2 Depths:3 Depths:4 Depths:5
Abyss: Depths:1 Depths:4
Pandemonium: Depths:1 Depths:3
Ziggurat: Depths:5

Annotations:
D:2 exclusion: jackal, Sigmund
D:5 exclusion: centaur
D:13 1 runed translucent door, exclusion: door, Jorgrun
Lair:3 2 transporters
Elf:1 exclusions: dancing weapon, door and earth elemental
Zot:3 1 transporter


Innate Abilities, Weirdness & Mutations

You cannot wear most types of armour.
You are very stealthy in the water. (Stealth+)
You are amphibious.
You can wear up to eight rings at the same time.
You can use your tentacles to constrict eight enemies at once.
Your skin changes colour to match your surroundings (Stealth+).
Your rubbery body absorbs attacks. (AC +1, EV +1)
You have a pair of small antennae on your head.
You expend magic power (3 MP) to strengthen your wands.


Message History

(D) Dungeon (T) Temple (L) Lair (A) Shoals (N) Spider Nest (M) Slime Pits (O) Orcish Mines (E) Elven Halls (V) Vaults (C) Crypt (U) Depths (H) Hell (Z) Zot
Where to? (Enter - D:1 @ (x,y), ? - help)
There is an iron altar of Okawaru here.
An Orb Guardian comes into view.
Unknown command.
Casting: Bolt of Fire (safe; 0% risk of failure)
Confirm with . or Enter, or press ? or * to list all spells.
Aiming: Bolt of Fire (safe; 0% risk of failure)
Press: ? - help, Shift-Dir - straight line, f - Orb Guardian
Aim: an Orb Guardian You feel a huge surge of power!
The bolt of fire misses the Orb Guardian.
Casting: Bolt of Fire (safe; 0% risk of failure)
Confirm with . or Enter, or press ? or * to list all spells.
Aiming: Bolt of Fire (safe; 0% risk of failure)
Press: ? - help, Shift-Dir - straight line, f/p - Orb Guardian
Aim: an Orb Guardian You feel a huge surge of power!
The bolt of fire hits the Orb Guardian!!!
The Orb Guardian is severely wounded.
Casting: Bolt of Fire (safe; 0% risk of failure)
Confirm with . or Enter, or press ? or * to list all spells.
Aiming: Bolt of Fire (safe; 0% risk of failure)
Press: ? - help, Shift-Dir - straight line, f/p - Orb Guardian
Aim: an Orb Guardian (severely wounded)
You feel a huge surge of power!
The bolt of fire hits the Orb Guardian!!!!
You kill the Orb Guardian!
Vehumet accepts your kill.
You feel your power returning.
(D) Dungeon (T) Temple (L) Lair (A) Shoals (N) Spider Nest (M) Slime Pits (O) Orcish Mines (E) Elven Halls (V) Vaults (C) Crypt (U) Depths (H) Hell (Z) Zot
Where to? (Enter - D:1 @ (x,y), ? - help)
There is a stone staircase leading up here.
You climb upwards.
There is a stone staircase leading down here.
Magic restored.
A smoke demon comes into view.
Unknown command.
Unknown command.
The smoke demon moves out of view.
There is an open door here.
There is a staircase leading out of the dungeon here.
Enter note: gg You have escaped!

#.###.####.# #.#
#.#........ #.###.# #.#
#.# #.#........ #.....#
#.# #.# #..........
####### #รท# #.#
#.#........ #.#####.#
#.######### #.......#
#.# #.####### #.# ###
##### #.#
####8@8#####.# #######
##.........##.###......
#8.........8#..........
#...........#..........
#8.........8#......####
##.........##....3.####
#.........##.....##...
#####'######.....##...
#..............##...


There were no monsters in sight!

Vanquished Creatures
  the Royal Jelly (Slime:5)
  4 orbs of fire
  5 ancient liches
  Mara (Vaults:2)
  Sojobo (Depths:1)
  Bai Suzhen (Spider:4)
  Margery (Depths:5)
  Frederick (Depths:5)
  7 Killer Klowns (Zot:5)
  Saint Roka (Depths:5)
  Xtahua (Vaults:3)
  A curse toe (Zot:4)
  Nikola (Vaults:3)
  A golden dragon (shapeshifter) (Vaults:5)
  10 golden dragons
  Arachne (Spider:2)
  3 liches
  4 electric golems
  Rupert (Lair:4)
  10 tentacled monstrosities
  3 titans (Vaults:5)
  29 Orb Guardians
  2 deep elf blademasters (Elf:3)
  8 quicksilver dragons
  2 deep elf master archers (Elf:3)
  Polyphemus (Shoals:2)
  A sphinx (Vaults:4)
  2 krakens
  An Executioner (D:13)
  18 acid blobs
  7 death cobs
  8 tengu reavers
  16 azure jellies
  12 shadow dragons
  Kirke (D:12)
  Donald (Elf:2)
  A draconian monk (Zot:4)
  10 storm dragons
  12 fire giants
  3 draconian knights
  7 frost giants
  6 deep elf sorcerers
  2 draconian scorchers
  3 iron dragons
  14 vault wardens
  Aizul (Elf:3)
  4 ghost moths
  3 imperial myrmidons (Desolation)
  6 deep elf elementalists
  3 orc warlords
  7 draconian stormcallers
  6 emperor scorpions
  7 draconian shifters
  8 draconian annihilators
  23 stone giants
  24 ironheart preservers
  3 reapers
  44 very ugly things
  4 entropy weavers
  11 deep elf demonologists
  2 vampire knights
  10 black draconians
  6 green draconians
  3 halazid warlocks (Desolation)
  The ghost of D1HalberdGnoll the Carver, a journeyman DrCK of Xom (Lair:4)
  The ghost of Anaraqix the Nimble, a journeyman GnGl of the Shining One (D:14)
  9 white draconians
  5 spark wasps
  8 deep elf annihilators
  14 purple draconians
  8 yellow draconians
  11 red draconians
  15 ettins
  Snorg (Lair:4)
  6 deep elf death magi
  6 death oozes
  3 merfolk javelineers
  6 merfolk impalers
  12 fire dragons
  4 ragged hierophants (Desolation)
  5 deep elf high priests
  Josephine (Lair:4)
  6 rakshasas
  13 ogre magi
  16 ice dragons
  5 servants of whispers (Desolation)
  15 yaktaur captains
  3 peacekeepers (Desolation)
  10 great orbs of eyes
  2 spriggan air magi (Depths:2)
  35 vault guards
  2 merfolk avatars
  7 hydras
  41 two-headed ogres
  3 catoblepae
  12 centaur warriors
  An alligator (shapeshifter) (Vaults:3)
  2 death knights
  An alligator snapping turtle (Shoals:4)
  A satyr (Shoals:4)
  7 merfolk aquamancers
  14 dancing weapons
  7 tengu warriors
  10 deep troll shamans
  A small abomination (Vaults:5)
  Erica (D:11)
  4 vampire magi
  11 deep troll earth magi
  11 death yaks
  4 spriggan berserkers
  A large abomination (Vaults:5)
  2 soul eaters
  17 deep elf knights
  A sixfirhy (Depths:3)
  Sonja (D:12)
  9 skeletal warriors
  3 shadow wraiths (Vaults:4)
  A fire crab (shapeshifter) (Vaults:3)
  3 storm dragon skeletons (Vaults:3)
  10 hell knights
  37 deep trolls
  A deep troll (shapeshifter) (Vaults:4)
  3 iron trolls
  2 wizards
  5 flayed ghosts
  An orange crystal statue (Zot:5)
  8 sea snakes
  21 deep elf archers
  3 unseen horrors
  3 glowing orange brains
  9 necromancers
  5 phantasmal warriors
  An obsidian statue (Zot:5)
  18 ironbrand convokers
  39 wolf spiders
  2 orc sorcerers
  21 orc knights
  15 harpies
  2 oklob plants (Lair:2)
  20 orb spiders
  A faun (Shoals:2)
  6 shining eyes
  75 deep elf magi
  A stone giant zombie (Vaults:5)
  68 ugly things
  A frost giant zombie (Depths:1)
  A frost giant skeleton (Vaults:5)
  2 tengu skeletons (Vaults:3)
  14 moths of wrath
  14 manticores
  22 cyclopes
  An eye of devastation (shapeshifter) (Vaults:5)
  3 merfolk sirens
  3 black mambas
  4 elephants (Lair:6)
  2 torpor snails (shapeshifter)
  3 water nymphs
  2 stone giant skeletons (Vaults:3)
  3 guardian serpents
  A black mamba (shapeshifter) (Vaults:5)
  A rust devil (Depths:1)
  A torpor snail (Lair:5)
  17 vault sentinels
  A molten gargoyle (Desolation)
  2 spiny frogs (shapeshifter)
  2 ice statues (IceCv)
  4 centaur skeletons
  A gargoyle (D:14)
  An orange demon (Depths:3)
  A hellion (Depths:3)
  3 eyes of devastation
  3 freezing wraiths
  A yaktaur zombie (Depths:1)
  10 spiny frogs
  A spriggan zombie (Depths:1)
  31 yaktaurs
  8 demonic crawlers
  5 komodo dragons
  3 rime drakes (Lair:4)
  A hellwing (Depths:1)
  A tormentor (D:12)
  A redback zombie (D:14)
  7 tengu conjurers
  A queen bee (Lair:2)
  13 ice devils
  40 jumping spiders
  2 red devils
  A yaktaur skeleton (Vaults:3)
  A meliai (shapeshifter) (Vaults:5)
  16 hornets
  A polar bear (shapeshifter) (Depths:5)
  7 trolls
  3 polar bears (Lair:6)
  3 wind drakes
  23 merfolk
  A raiju (shapeshifter) (Vaults:2)
  A wind drake (shapeshifter) (Vaults:4)
  An ice dragon zombie (Depths:1)
  A dream sheep (shapeshifter) (Elf:1)
  6 dream sheep
  35 saltlings
  99 slime creatures
  7 snapping turtles
  3 blink frogs (Lair:5)
  13 hippogriffs
  A shadow (D:14)
  A redback (shapeshifter) (Depths:3)
  8 air elementals
  An ettin skeleton (Vaults:3)
  65 redbacks
  6 wraiths
  2 spriggans (Depths:4)
  2 fire bats (shapeshifter) (Vaults:5)
  A wyvern (D:11)
  A hog (shapeshifter) (Vaults:3)
  33 yaks
  A human (shapeshifter) (Depths:1)
  An elf zombie (Vaults:5)
  31 water elementals
  34 tarantellas
  A neqoxec (D:2)
  3 yaks (shapeshifter)
  3 fire elementals
  5 hogs (D:12)
  2 hungry ghosts
  2 basilisks
  A chaos spawn (Depths:3)
  4 vampire mosquitoes (Lair:5)
  2 insubstantial wisps (Lair:5)
  3 soldier ants
  A soldier ant (shapeshifter) (D:13)
  11 wargs
  2 acid dragons
  15 water moccasins
  A deep troll skeleton (Vaults:3)
  9 porcupines
  An eye of draining (shapeshifter) (Vaults:3)
  66 orc warriors
  3 swamp drakes
  3 sky beasts
  A black bear (D:8)
  4 eyes of draining
  2 phantoms
  A hornet zombie (D:12)
  32 centaurs
  24 wolves
  4 boggarts
  4 ice beasts
  37 ogres
  10 crocodiles
  Blork the orc (D:15)
  4 big kobolds
  22 bullfrogs
  2 earth elementals (Elf:2)
  A wyvern zombie (D:13)
  3 human skeletons (Vaults:3)
  2 wyvern skeletons
  8 scorpions
  25 wights
  43 killer bees
  5 electric eels
  6 crimson imps
  2 bullfrog zombies
  5 centaur zombies
  2 quasits
  5 hounds
  A human simulacrum (Vaults:3)
  3 jellies
  20 orc priests
  2 bullfrog skeletons
  An iron imp (Depths:3)
  28 orc wizards
  3 iguanas
  12 worker ants
  2 killer bee zombies
  A hound zombie (D:7)
  A hound skeleton (D:4)
  2 worker ant zombies (D:11)
  6 gnolls
  13 adders
  5 shadow imps
  8 white imps
  8 ufetubi
  An ooze (D:3)
  An adder zombie (D:8)
  An adder skeleton (D:4)
  2 worms (D:2)
  A dart slug (D:2)
  9 leopard geckos
  130 orcs
  2 ball pythons
  10 bats
  4 giant cockroaches
  5 goblins
  9 hobgoblins
  11 jackals
  34 kobolds
  6 quokkas
  A frilled lizard (shapeshifter) (Vaults:5)
  3 frilled lizards
  A jackal skeleton (D:9)
  7 rats
  A block of ice (Zot:4)
  A butterfly (D:7)
  2 crawling corpses (Vaults:5)
  A fire vortex (Zot:4)
  11 plants
  2 tentacles
2590 creatures vanquished.

Vanquished Creatures (collateral kills)
  A Killer Klown (Zot:5)
  A golden dragon (Vaults:5)
  A titan (Vaults:5)
  A shadow dragon (Zot:3)
  A draconian knight (Zot:2)
  A very ugly thing (Depths:2)
  A black draconian (Zot:1)
  A yellow draconian (Zot:4)
  2 purple draconians
  A yaktaur captain (Vaults:5)
  A vault sentinel (Vaults:5)
  An ogre (Vaults:5)
  A centaur (shapeshifter) (Vaults:5)
  An orc (Vaults:5)
15 creatures vanquished.

Vanquished Creatures (others)
  A fire giant (D:15)
  2 humans (D:12)
  An iron imp (Depths:3)
  An orc wizard (D:12)
  A white imp (IceCv)
  4 ufetubi (IceCv)
  3 orcs (D:12)
  4 blocks of ice
  243 fire vortices
  5 fungi
  18 plants
  6 tentacles
289 creatures vanquished.

Grand Total: 2894 creatures vanquished

Notes
Turn   | Place    | Note
-------+----------+-------------------------------------------
     0 | D:1      | Flugkiller the Octopode Fire Elementalist began the quest
                  | for the Orb.
     0 | D:1      | Reached XP level 1. HP: 11/11 MP: 3/3
   284 | D:1      | Reached XP level 2. HP: 17/17 MP: 3/5
   951 | D:2      | Reached XP level 3. HP: 21/21 MP: 3/6
   959 | D:2      | Learned a level 3 spell: Conjure Flame
  1119 | D:2      | Noticed Sigmund
  1534 | D:2      | Found an iron altar of Okawaru.
  1747 | D:2      | Reached XP level 4. HP: 27/27 MP: 0/7
  2164 | D:2      | Learned a level 4 spell: Sticky Flame
  2676 | D:3      | Reached XP level 5. HP: 31/31 MP: 6/8
  3481 | D:3      | Found a shadowy altar of Dithmenos.
  4109 | D:4      | Reached XP level 6. HP: 36/36 MP: 3/10
  4532 | D:4      | Found a shattered altar of Ashenzari.
  4534 | D:4      | Found an ornate altar of the Wu Jian Council.
  4645 | D:4      | Reached skill level 5 in Fire Magic
  5775 | D:5      | Entered Level 5 of the Dungeon
  5901 | D:5      | Noticed a sky beast
  5917 | D:4      | Killed a sky beast
  5917 | D:4      | Reached XP level 7. HP: 35/41 MP: 2/12
  6579 | D:5      | Found an iron altar of Okawaru.
  6657 | D:5      | Reached skill level 5 in Conjurations
  6788 | D:5      | Found a glowing golden altar of the Shining One.
  6984 | D:6      | Reached XP level 8. HP: 35/46 MP: 7/13
  7317 | D:6      | Learned a level 5 spell: Fireball
  8591 | D:7      | Found Zin's Purification Station.
  8594 | D:7      | Found a glowing silver altar of Zin.
  8752 | D:7      | Found a staircase to the Ecumenical Temple.
  8759 | D:7      | Reached XP level 9. HP: 51/51 MP: 9/16
  8772 | Temple   | Entered the Ecumenical Temple
  8778 | Temple   | Became a worshipper of Vehumet
  9022 | D:7      | Reached skill level 5 in Spellcasting
  9950 | D:8      | Got an ichor-stained quarterstaff
 10082 | D:8      | Found a staircase to the Lair.
 10125 | D:8      | Noticed a two-headed ogre
 10149 | D:8      | Killed a two-headed ogre
 10149 | D:8      | Reached skill level 1 in Fighting
 10149 | D:8      | Reached skill level 1 in Shields
 11117 | D:8      | Reached * piety under Vehumet
 11117 | D:8      | Offered knowledge of Sting by Vehumet.
 11117 | D:8      | Reached XP level 10. HP: 60/60 MP: 10/17
 11441 | D:9      | Found a flagged portal.
 11478 | Bailey   | Entered a bailey
 11678 | Bailey   | Noticed an orc warlord
 11724 | Bailey   | Noticed an orc knight
 12088 | Bailey   | Killed an orc knight
 12161 | Bailey   | Found a runed translucent gate.
 12163 | Bailey   | Found a runed translucent gate.
 12164 | Bailey   | Found a runed translucent gate.
 13058 | Bailey   | Killed an orc warlord
 13300 | D:9      | Reached skill level 5 in Dodging
 13325 | D:9      | Offered knowledge of Magic Dart by Vehumet.
 13359 | D:9      | Reached ** piety under Vehumet
 13359 | D:9      | Reached skill level 5 in Fighting
 13834 | D:10     | Entered Level 10 of the Dungeon
 13880 | D:10     | Reached XP level 11. HP: 69/72 MP: 4/18
 14024 | D:10     | Found Ukaahi Qiwka's Jewellery Boutique.
 14732 | D:10     | Offered knowledge of Static Discharge by Vehumet.
 15366 | D:11     | Found an ancient bone altar of Kikubaaqudgha.
 15366 | D:11     | Noticed Erica
 15370 | D:11     | Killed Erica
 15629 | D:11     | Noticed a cyclops
 15936 | D:11     | Reached XP level 12. HP: 79/79 MP: 20/20
 15939 | D:11     | Reached *** piety under Vehumet
 16653 | Lair:1   | Entered Level 1 of the Lair of Beasts
 17337 | Lair:1   | Offered knowledge of Olgreb's Toxic Radiance by Vehumet.
 17387 | Lair:1   | Noticed a catoblepas
 17818 | Lair:1   | Killed a catoblepas
 18005 | Lair:2   | Found a hole to the Spider Nest.
 18016 | Lair:2   | Reached skill level 1 in Evocations
 18311 | Lair:2   | Reached skill level 10 in Fire Magic
 18500 | Lair:2   | Reached XP level 13. HP: 45/83 MP: 8/23
 18672 | Lair:2   | Reached **** piety under Vehumet
 19007 | Lair:2   | Offered knowledge of Lee's Rapid Deconstruction by Vehumet.
 19685 | Lair:3   | Reached skill level 5 in Evocations
 20637 | Lair:3   | Reached ***** piety under Vehumet
 20637 | Lair:3   | Offered knowledge of Bolt of Magma by Vehumet.
 20651 | Lair:3   | Learned a level 5 spell: Bolt of Magma
 21026 | Lair:3   | Found a transporter.
 21056 | Lair:3   | Found a transporter.
 21152 | Lair:3   | Found a staircase to the Shoals.
 21739 | Lair:3   | Identified 2 scrolls of acquirement
 21740 | Lair:3   | Got a faintly glowing copper ring
 21742 | Lair:3   | Got a shimmering steel ring
 21872 | Lair:4   | Identified the ring of Zeopt {rPois rF+ rN+ Dex+2 Stlth-}
                  | (You acquired it on level 3 of the Lair of Beasts)
 21903 | Lair:4   | Found a frozen archway.
 22101 | IceCv    | Entered an ice cave
 23230 | IceCv    | Identified the ring of Muniuzump {+Inv rC+ Str+3 Dex-4
                  | Stlth+} (You acquired it on level 3 of the Lair of Beasts)
 23389 | IceCv    | Noticed a reaper
 23401 | IceCv    | Killed a reaper
 23775 | Lair:4   | Noticed Rupert
 23821 | Lair:4   | Found a large runed translucent door.
 23821 | Lair:4   | Found a large runed translucent door.
 23825 | Lair:4   | Noticed Snorg
 23832 | Lair:4   | Killed Snorg
 24210 | Lair:4   | Noticed Josephine
 24418 | Lair:4   | Noticed D1HalberdGnoll's ghost (journeyman DrCK)
 24523 | Lair:4   | Killed Rupert
 24523 | Lair:4   | Reached XP level 14. HP: 90/90 MP: 3/27
 25032 | Lair:4   | Killed Josephine
 25032 | Lair:4   | Reached skill level 10 in Spellcasting
 25709 | Lair:4   | Found a large runed translucent door.
 25709 | Lair:4   | Found a large runed translucent door.
 25925 | Lair:4   | Killed D1HalberdGnoll's ghost
 25950 | Lair:4   | Identified the Grimoire of the Thoughtful Queens
 25959 | Lair:4   | Learned a level 6 spell: Bolt of Fire
 26115 | Lair:5   | Offered knowledge of Poison Arrow by Vehumet.
 26786 | Lair:5   | Got a translucent amber ring
 27371 | Lair:6   | Entered Level 6 of the Lair of Beasts
 28310 | Lair:6   | Found a staircase to the Slime Pits.
 28830 | Lair:6   | Offered knowledge of Venom Bolt by Vehumet.
 29896 | Lair:6   | Got a crystal hunting sling
 30258 | D:11     | Reached XP level 15. HP: 82/99 MP: 7/30
 31335 | D:11     | Found Yngaiseo's Book Shoppe.
 31414 | D:12     | Noticed Sonja
 31421 | D:12     | Killed Sonja
 32368 | D:12     | Noticed Kirke
 32382 | D:12     | Killed Kirke
 32638 | D:12     | Found a staircase to the Orcish Mines.
 32769 | D:12     | Identified the ring "Col Bui" {rElec rF+} (You acquired it
                  | on level 5 of the Lair of Beasts)
 33067 | D:13     | Found a runed translucent door.
 33341 | D:13     | Offered knowledge of Conjure Ball Lightning by Vehumet.
 34222 | D:13     | Noticed Jorgrun
 35297 | D:14     | Found a gate to the Vaults.
 35745 | D:14     | Got an ancient trident
 35887 | D:14     | Reached skill level 15 in Conjurations
 35887 | D:14     | Reached skill level 15 in Fire Magic
 36104 | D:14     | Offered knowledge of Ozocubu's Refrigeration by Vehumet.
 36580 | D:14     | Reached XP level 16. HP: 83/105 MP: 18/31
 37114 | D:14     | Identified the cursed +1 trident "Cuirojoi" {venom, rElec
                  | rF+ Dex+4} (You found it on level 14 of the Dungeon)
 37116 | D:14     | Identified the +3 hunting sling of Ujommuit {flame, rElec
                  | Dex+2} (You found it on level 6 of the Lair of Beasts)
 37121 | D:14     | Got a translucent falchion
 37122 | D:14     | Identified the +4 falchion of Quonishr Holo {flame, MR+
                  | Stlth+} (You found it on level 14 of the Dungeon)
 37199 | D:14     | Found the +9 staff of Olgreb {rPois}
 37218 | D:14     | Got a clouded steel ring
 37223 | D:14     | Identified the ring "Ducw" {rC+ Str-2 Dex+7 Stlth+} (You
                  | found it on level 14 of the Dungeon)
 37396 | D:14     | Found a runed translucent gate.
 37396 | D:14     | Noticed Anaraqix's ghost (journeyman GnGl)
 37397 | D:14     | Found a runed translucent gate.
 37398 | D:14     | Found a runed translucent gate.
 37399 | D:14     | Identified the ring "Witanan" {rN+ AC+6}
 37403 | D:14     | Found a roughly hewn altar of Beogh.
 37467 | D:14     | Killed Anaraqix's ghost
 37929 | D:15     | Entered Level 15 of the Dungeon
 37948 | D:15     | Noticed Blork the orc
 37953 | D:15     | Killed Blork the orc
 37980 | D:15     | Found a deep blue altar of Sif Muna.
 38121 | D:15     | Found a staircase to the Depths.
 39569 | Orc:1    | Entered Level 1 of the Orcish Mines
 39818 | Orc:1    | Offered knowledge of Bolt of Cold by Vehumet.
 40029 | D:12     | Learned a level 6 spell: Bolt of Cold
 40680 | Orc:2    | Entered Level 2 of the Orcish Mines
 41024 | Orc:2    | Reached skill level 1 in Ice Magic
 42165 | Orc:2    | Found a staircase to the Elven Halls.
 42245 | Orc:2    | Offered knowledge of Freezing Cloud by Vehumet.
 42508 | Orc:2    | Found Caetylog's Weapon Shoppe.
 42508 | Orc:2    | Found Voliniw's Antique Armour Boutique.
 42508 | Orc:2    | Found Poow's Armour Shop.
 42511 | Orc:2    | Found Bemeas's Jewellery Emporium.
 42726 | Orc:2    | Bought the ring of the Turtle {Fire rElec Slay+4 SInv
                  | Stlth+} for 816 gold pieces
 42731 | Orc:2    | Bought an uncursed ring of protection from magic for 325
                  | gold pieces
 42960 | Spider:1 | Entered Level 1 of the Spider Nest
 43439 | D:11     | Bought a book of Fire for 910 gold pieces
 43448 | D:11     | Learned a level 8 spell: Ignition
 43781 | Spider:1 | Reached skill level 10 in Dodging
 44147 | Spider:1 | Reached XP level 17. HP: 109/109 MP: 18/32
 45352 | Spider:2 | Reached skill level 5 in Ice Magic
 45611 | Spider:2 | Reached ****** piety under Vehumet
 45622 | Spider:2 | Offered knowledge of Lehudib's Crystal Spear by Vehumet.
 45622 | Spider:2 | Offered knowledge of Fire Storm by Vehumet.
 45622 | Spider:2 | Offered knowledge of Glaciate by Vehumet.
 46361 | Spider:2 | Noticed Arachne
 46381 | Spider:2 | Killed Arachne
 47530 | Spider:3 | Got a glittering lead ring
 47532 | Spider:3 | Identified the ring "Osos" {MR+ AC+2 Str+3} (You acquired
                  | it on level 3 of the Spider Nest)
 47579 | Spider:4 | Entered Level 4 of the Spider Nest
 49024 | Spider:4 | Noticed Bai Suzhen
 49037 | Spider:4 | Killed Bai Suzhen
 49271 | Spider:4 | Reached XP level 18. HP: 103/116 MP: 28/33
 49913 | Spider:4 | Got a gossamer rune of Zot
 50202 | Shoals:1 | Entered Level 1 of the Shoals
 50774 | Shoals:1 | Found Zotits's Antique Armour Emporium.
 50789 | Shoals:1 | Identified the Almanac of the Arsonist and Clay
 52005 | Shoals:2 | Noticed Polyphemus
 52016 | Shoals:2 | Killed Polyphemus
 52701 | Shoals:3 | Found a basalt altar of Yredelemnul.
 52761 | Shoals:3 | Found Dagisten's Assorted Antiques.
 52769 | Shoals:3 | Found Punapp's Jewellery Shoppe.
 52771 | Shoals:3 | Bought a scroll labeled ZIHIGGUARU for 32 gold pieces
 52771 | Shoals:3 | Bought a scroll of identify for 64 gold pieces
 52790 | Shoals:3 | Bought an uncursed ring of fire for 375 gold pieces
 52900 | Shoals:3 | Found a hazy altar of Hepliaklqana.
 52953 | Shoals:3 | Got a heavily runed bronze amulet
 52955 | Shoals:3 | Identified the amulet of Dotarphau {RegenMP +Blink Int+3}
                  | (You found it on level 3 of the Shoals)
 52958 | Shoals:3 | Found Pihiwy's Weapon Emporium.
 53444 | Shoals:4 | Entered Level 4 of the Shoals
 53900 | Shoals:4 | Found the +6 lightning scales {run, rElec}
 53921 | Shoals:4 | Reached XP level 19. HP: 120/120 MP: 32/34
 54060 | Shoals:4 | Got a barnacled rune of Zot
 54981 | Elf:1    | Entered Level 1 of the Elven Halls
 55223 | Elf:1    | You fall into a shaft and drop 1 floor!
 55510 | Elf:2    | Learned a level 9 spell: Fire Storm
 55808 | Elf:2    | Found Iczu Vop's Jewellery Boutique.
 55823 | Elf:2    | Noticed Donald
 55825 | Elf:2    | Killed Donald
 55856 | Elf:2    | Found a ruined gateway.
 55863 | Desolati | Entered the Desolation of Salt
 55999 | Desolati | Got a shimmering bone ring
 56002 | Desolati | Identified the ring "Ytuig Via" {*Tele rC+ Int+4} (You
                  | found it in the Desolation of Salt)
 56004 | Desolati | Identified the Handbook of the Dark Frostbite
 56339 | Desolati | Identified Nocuxipp's Collected Works on Sinister Summoning
 56548 | Desolati | Identified the ring "Yhuqiawk" {Slay+5 Stlth+}
 56600 | Desolati | Identified Qatir's Compendium of the Tundras
 56875 | Elf:2    | Found a runed translucent gate.
 56875 | Elf:2    | Found a runed translucent gate.
 56877 | Elf:2    | Found a runed translucent gate.
 56984 | Elf:2    | Reached XP level 20. HP: 126/126 MP: 32/36
 57064 | Elf:3    | Entered Level 3 of the Elven Halls
 57140 | Elf:3    | Noticed Aizul
 57146 | Elf:3    | Killed Aizul
 57978 | Elf:3    | Identified the ring "Tuattiug" {rC+ rN+}
 58337 | Elf:3    | Identified the +6 dagger "Flugkiller's Foe" {holy, rC- MR+
                  | Str+6}
 58619 | Elf:3    | Identified Ciwk's Collected Works on Fire
 58666 | Elf:3    | Identified the Guide on Curses
 58689 | Elf:3    | Identified the Volume of Cloudy Combat Magic
 58693 | Elf:3    | Identified the Catalogue of Enchanting Transmigration
 58796 | Elf:3    | Identified the +0 robe of Least Resistance {rF+}
 58903 | Elf:3    | Found Moghom's Book Boutique.
 60731 | Vaults:1 | Entered Level 1 of the Vaults
 60966 | Vaults:1 | Reached XP level 21. HP: 132/132 MP: 18/37
 61837 | Vaults:2 | Noticed Mara
 61866 | Vaults:2 | Killed Mara
 62919 | Vaults:2 | Found a burning altar of Makhleb.
 63475 | Vaults:3 | Noticed Nikola
 63478 | Vaults:3 | Killed Nikola
 63501 | Vaults:3 | Identified the Incunabulum of Conjuration
 63607 | Vaults:3 | Reached XP level 22. HP: 122/137 MP: 38/38
 63877 | Vaults:3 | Noticed Xtahua
 63924 | Vaults:3 | Killed Xtahua
 64819 | Vaults:3 | Found a staircase to the Crypt.
 65925 | Vaults:4 | Reached XP level 23. HP: 143/143 MP: 33/39
 66527 | Depths:1 | Entered Level 1 of the Depths
 66595 | Depths:1 | Found Xeej's Gadget Shoppe.
 66602 | Depths:1 | Found a flickering gateway to a bazaar.
 66618 | Depths:1 | Found a one-way gate to the infinite horrors of the Abyss.
 66621 | Bazaar   | Entered a bazaar
 66623 | Bazaar   | Found Fuscheptio's General Store.
 66627 | Bazaar   | Bought a scroll of fog for 34 gold pieces
 66627 | Bazaar   | Found Kozeajaf's Food Boutique.
 66627 | Bazaar   | Found Tuokos's Weapon Boutique.
 66628 | Bazaar   | Found Kuehooveu's Antique Armour Boutique.
 67049 | Depths:1 | Found a gateway to Hell.
 67236 | Depths:1 | Noticed Sojobo
 67239 | Depths:1 | Killed Sojobo
 67315 | Depths:1 | Found Nuebaf's Distillery.
 67318 | Depths:1 | Bought a potion of heal wounds for 80 gold pieces
 67318 | Depths:1 | Bought a potion of heal wounds for 80 gold pieces
 67318 | Depths:1 | Bought a potion of heal wounds for 80 gold pieces
 67318 | Depths:1 | Bought a potion of heal wounds for 80 gold pieces
 67318 | Depths:1 | Bought a potion of haste for 160 gold pieces
 67597 | Depths:1 | Found a one-way gate leading to the halls of Pandemonium.
 67833 | Depths:1 | Found a runed translucent door.
 68503 | Depths:2 | Reached skill level 10 in Fighting
 68761 | Depths:2 | Reached XP level 24. HP: 117/155 MP: 19/40
 69132 | Depths:2 | Identified the cursed +1 hand crossbow "Kaydgh" {penet,
                  | -Tele rElec rPois rF+} (You found it on level 2 of the
                  | Depths)
 69256 | Depths:2 | Identified the ring "Pumuhope" {+Blink rF- rC+ rCorr}
 69942 | Slime:1  | Entered Level 1 of the Pits of Slime
 70261 | Slime:4  | Gained mutation: Your magical capacity is low. (-10% MP) [a
                  | shining eye]
 70420 | Slime:5  | Entered Level 5 of the Pits of Slime
 70422 | Slime:5  | Reached skill level 15 in Spellcasting
 70616 | Slime:5  | Gained mutation: You tend to lose your temper in combat. [a
                  | shining eye]
 70834 | Slime:5  | Noticed the Royal Jelly
 70838 | Slime:5  | Killed the Royal Jelly
 71075 | Slime:5  | Reached skill level 10 in Ice Magic
 71118 | Slime:5  | Got a shimmering bronze ring
 71119 | Slime:5  | Identified the ring "Difa Amani" {+Fly rN+ MR+ Str-3
                  | Stlth+} (You found it on level 5 of the Pits of Slime)
 71142 | Slime:5  | Got a slimy rune of Zot
 71173 | Slime:5  | Identified the Grimoire of Glacial Protection
 71603 | Depths:3 | Found Hinugezuet's Magic Scroll Boutique.
 71612 | Depths:3 | Bought a scroll of fog for 34 gold pieces
 71612 | Depths:3 | Bought a scroll of magic mapping for 59 gold pieces
 71929 | Depths:3 | Reached XP level 25. HP: 129/162 MP: 30/37
 73841 | Depths:4 | Found Sizxom's Jewellery Boutique.
 74327 | Depths:5 | Entered Level 5 of the Depths
 74341 | Depths:5 | Found a gate to the Realm of Zot.
 74543 | Depths:5 | Noticed Frederick
 74546 | Depths:5 | Killed Frederick
 74971 | Depths:5 | Noticed Saint Roka
 74986 | Depths:5 | Killed Saint Roka
 75303 | Depths:5 | Noticed Margery
 75366 | Depths:5 | Found a shimmering altar of Xom.
 75455 | Depths:5 | Found a gateway to a ziggurat.
 75464 | Depths:5 | Killed Margery
 75464 | Depths:5 | Reached XP level 26. HP: 118/169 MP: 12/38
 76717 | Vaults:5 | Entered Level 5 of the Vaults
 76779 | Vaults:4 | Reached skill level 15 in Ice Magic
 76935 | Vaults:5 | Noticed an ancient lich
 76943 | Vaults:5 | Killed an ancient lich
 76965 | Vaults:5 | Identified the +8 spear "Kuczir" {pierce, +Blink rN+
                  | Stlth-}
 77003 | Vaults:5 | Noticed an ancient lich
 77006 | Vaults:5 | Killed an ancient lich
 77029 | Vaults:5 | Learned a level 3 spell: Regeneration
 77049 | Vaults:5 | Learned a level 2 spell: Sublimation of Blood
 77056 | Vaults:5 | Reached XP level 27. HP: 110/174 MP: 28/39
 77250 | Vaults:5 | Identified the +2 leather armour of Uxibuaff {rCorr}
 77524 | Vaults:5 | Identified the +3 leather armour of the Wumpus {+Blink rF+
                  | Dex-4}
 77685 | Vaults:5 | Got a silver rune of Zot
 77686 | Vaults:5 | Reached skill level 1 in Necromancy
 78683 | Vaults:5 | Learned a level 9 spell: Glaciate
 78925 | Zot:1    | Entered Level 1 of the Realm of Zot
 78928 | Zot:1    | Reached skill level 5 in Necromancy
 80159 | Zot:2    | Identified the +6 broad axe "Newtbane" {venom, rElec MR+}
                  | (You found it on level 2 of the Realm of Zot)
 80928 | Zot:3    | Noticed an orb of fire
 81071 | Zot:3    | Identified the ring "Biklurewk" {rPois rN+}
 81075 | Zot:3    | Found a transporter.
 81182 | Zot:4    | Noticed an orb of fire
 81184 | Zot:4    | Noticed an orb of fire
 81443 | Zot:4    | Killed an orb of fire
 81444 | Zot:4    | Killed an orb of fire
 82555 | Zot:5    | Entered Level 5 of the Realm of Zot
 82847 | Zot:5    | Reached skill level 15 in Fighting
 83046 | Zot:5    | Noticed an orb of fire
 83050 | Zot:5    | Killed an orb of fire
 83511 | Zot:5    | Noticed an ancient lich
 83513 | Zot:5    | Killed an ancient lich
 83946 | Zot:5    | Noticed an orb of fire
 83955 | Zot:5    | Killed an orb of fire
 84369 | Zot:5    | Noticed an ancient lich
 84372 | Zot:5    | Killed an ancient lich
 84415 | Zot:5    | Noticed an ancient lich
 84418 | Zot:5    | Killed an ancient lich
 84569 | Zot:5    | Lost mutation: You tend to lose your temper in combat.
                  | [potion of mutation]
 84569 | Zot:5    | Lost mutation: Your magical capacity is low. (-10% MP)
                  | [potion of mutation]
 84569 | Zot:5    | Gained mutation: You have a pair of small antennae on your
                  | head. [potion of mutation]
 84569 | Zot:5    | Gained mutation: You expend magic power (3 MP) to
                  | strengthen your wands. [potion of mutation]
 84571 | Zot:5    | Got the Orb of Zot
 85082 | D:1      | gg
 85083 | D:$      | Escaped with the Orb!

Levels and vault maps discovered:
D:1:      mrwooster_arrival_statue_3, layout_basic, serial_bayou_lagoon_a,
          minmay_misc_feat_alley, kennysheep_doodads
D:2:      layout_basic, okawaru_trees_1, uniq_sigmund
D:3:      layout_basic, grunt_dithmenos_smoke
D:4:      layout_cave_pods, chequers_temple_overflow_statue_of_worship,
          st_stairs_5
D:5:      layout_gridville, nicolae_overflow_crystal_walls, kennysheep_mini,
          first_ration, mrwooster_statue_mirror, minmay_misc_feat_hallway,
          minmay_misc_feat_diagonals
D:6:      layout_loops_ring
D:7:      layout_rooms, zin_purify, minmay_temple_entry_butterflies,
          grunt_ogre_cave, minmay_large_rounded_square, grunt_ministairs_7,
          chequers_serial_rivers_micro_b
D:8:      layout_loops_corners, lair_entry_dummy, minmay_tree_intersection
D:9:      layout_cave_pools, enter_bailey_2
D:10:     layout_basic, serial_shops, shop
D:11:     minmay_imperfect_grid, layout_long_grid, basic_altar, serial_shops,
          shop, uniq_erica
D:12:     layout_loops_ring, erik_orc_1, minmay_diced_spiral, uniq_kirke,
          uniq_sonja
D:13:     layout_irregular_city, lightli_church_of_beogh, uniq_jorgrun
D:14:     giant_chief_lemuel, layout_rooms, lightli_vaults_fourway_checkpoint,
          biasface_ghost_orc_armoury, roderic_roman_lattice
D:15:     grunt_enter_depths_giant_problem, layout_basic, tgw_sif
Temple:   compressed_dpeg_circular_temple
Lair:1:   layout_roguey
Lair:2:   layout_long_grid, spider_nest_entry_funnel_web, special_room
          [special_room_bee], chequers_serial_rivers_micro_d,
          minmay_lair_oklob_chamber
Lair:3:   layout_cave_pods, elwin_shoals_entry_rooms,
          gammafunk_ghost_berserking_beasts, lightli_volcano_entry_magma_tube,
          beast_lair_carwin_8
Lair:4:   layout_layer_cave, ebering_ghost_disaster_area, portal_ice_cave_rime,
          minivault_24, lemuel_fruit_fields, infiniplex_staircase_pool,
          uniq_josephine, uniq_rupert, uniq_snorg
Lair:5:   layout_cave_shapes, pond, serial_bayou_shore_a
Lair:6:   grunt_lair_end_beastmaster, layout_cave_pods,
          minmay_slime_entry_pillars, grunt_megastairs_2
Shoals:1: layout_shoals, serial_shops, shop_statue,
          nicolae_shoals_square_sea_wall
Shoals:2: layout_shoals, nicolae_shoals_isolated_beach, uniq_polyphemus
Shoals:3: layout_shoals, serial_shops, shop_fountains, nicolae_shop_statue_plus,
          nicolae_shop_temple_entry_statues_fountains, hangedman_feature_mirror,
          nicolae_shoals_dead_sea_scrolls
Shoals:4: shoals_end_hangedman, layout_shoals
Spider:1: layout_spider_delve
Spider:2: layout_spider_delve, nicolae_arachne_temple
Spider:3: layout_spider_delve, nicolae_spider_cling_halls
Spider:4: spider_rune_water, drop_trap, hive_lemuel, uniq_bai_suzhen
Slime:1:  layout_caves, nicolae_slime_phagocytosis
Slime:2:  cheibrodos_slime_lost_civilization_9, layout_caves
Slime:3:  layout_caves
Slime:4:  layout_caves
Slime:5
Orc:1:    layout_diamond_mine
Orc:2:    st_orc_rangers, layout_caves, mines5_lemuel
Elf:1:    minmay_elf_arrival_circle, layout_geoelf_grid, evilmike_minifort
Elf:2:    layout_onion_city, serial_shops, shop,
          portal_desolation_entry_nicolae_nacl, uniq_donald
Elf:3:    grunt_elf_hall_branching, layout_loops_cross, serial_shops, shop,
          uniq_aizul
Vaults:1: nicolae_vaults_little_squares_3, grunt_vaults_focal,
          nicolae_vaults_specimen_jars, hangedman_vaults_trim,
          nicolae_vaults_windows_and_doors_thing, v_rooms_3,
          layout_vaults_big_room
Vaults:2: v_rooms_6, ontoclasm_vaults_ring_small, v_misc_13,
          nicolae_vaults_network_quinsquares
          [nicolae_vaults_network_quincunx_subvault,
          nicolae_vaults_network_quincunx_subvault,
          nicolae_vaults_network_quincunx_subvault,
          nicolae_vaults_network_quincunx_subvault], nicolae_vaults_alarming,
          kb_rosetta, ontoclasm_vaults_ligature, v_misc_2,
          vaults_room_door_ring, layout_vaults_omnigrid, basic_altar, uniq_mara
Vaults:3: nicolae_vaults_network_quincunx
          [nicolae_vaults_network_quincunx_subvault,
          nicolae_vaults_network_quincunx_subvault,
          nicolae_vaults_network_quincunx_subvault,
          nicolae_vaults_network_quincunx_subvault,
          nicolae_vaults_network_quincunx_subvault],
          minmay_crypt_entry_skeletal_spiral, ontoclasm_vaults_bender,
          hangedman_vaults_stagger, st_octagons_1, v_misc_33,
          hangedman_vaults_river_flow, ontoclasm_vaults_loading_screen,
          vaults_dpeg_ring, layout_vaults_omnibox, uniq_nikola, uniq_xtahua
Vaults:4: nicolae_vaults_arrows, st_cross, vaults_room_door_hall,
          ontoclasm_vaults_gateway, vaults_dpeg_diagonal,
          hangedman_vaults_corner, grunt_vaults_bifocal,
          vaults_room_fancy_cross, nicolae_vaults_little_squares_4,
          ontoclasm_vaults_eye, hangedman_vaults_unwind, v_pattern_5,
          layout_vaults_maze
Vaults:5
Depths:1: layout_roguey, abyss_entry_small_statue_room, rand_demon_pan_entry_1,
          grunt_hell_entry_dis_old, serial_shops, bzr_entry_dummy, shop, shop,
          minmay_misc_feat_cross, hex_intersection, minmay_misc_feat_x,
          lightli_gold_pyramid, uniq_sojobo
Depths:2: minmay_the_grid_octo_tiled_squarecenter
          [minmay_the_grid_octo_clover_2, minmay_the_grid_octo_checkered,
          minmay_the_grid_octo_pinwheel, minmay_the_grid_octo_horde,
          minmay_the_grid_square_5x5_megaprize_crossed,
          minmay_the_grid_square_5x5_mess, minmay_the_grid_square_5x5_v,
          minmay_the_grid_square_5x5_shrine1,
          minmay_the_grid_square_5x5_beaten_path], layout_cave_shapes,
          hell_entry, hangedman_decor_clover_reticule, hangedman_decor_points
Depths:3: wad_lake_hut, layout_gridlike, serial_sigils_hangedman_shear,
          grunt_pan_entry_sceptre, serial_shops, nicolae_shop_statue_plus,
          pf_vacation_house_of_asmodeus
Depths:4: hourglass_vault, layout_gridville, serial_shops, kennysheep_mini_moat,
          pf_coc_iceberg, abyss_entry, hangedman_abyss_or_decor_slice
Depths:5: evilmike_zot_entry_argh, layout_basic, enter_ziggurat_a, hell_entry,
          tgw_xom, uniq_margery, uniq_saint_roka, uniq_frederick
Zot:1:    layout_gridlike
Zot:2:    layout_misc_corridors
Zot:3:    gammafunk_the_bubble [the_bubble_gammafunk_grid],
          layout_twisted_circle
Zot:4:    layout_basic, lemuel_lake_of_fire
Zot:5:    layout_basic, hangedman_zot_diagonal_lockstep

Skill      XL: |  1  2  3  4  5  6  7  8  9 10 11 12 13 14 15 16 17 18 19 20 21 22 23 24 25 26 27 |
---------------+----------------------------------------------------------------------------------+-----
Conjurations   | 2 3 4 5 7 8 9 12 13 15 16 17 18 19 20 22 23 24 | 24.9
Fire Magic     | 4 5 6 7 9 10 12 13 15 16 17 18 19 20 22 23 24 | 24.9
Spellcasting   | 3 4 5 6 9 11 12 13 15 16 17 | 17.0
Fighting       | 2 5 6 8 10 11 15 | 15.0
Shields        | 2 4 |  4.2
Dodging        | 3 6 8 10 11 | 11.0
Evocations     | 2 5 |  5.0
Ice Magic      | 4 6 10 14 17 23 | 23.0
Necromancy     | 6 |  6.0
Stealth        | |  2.6

Action                   |  1- 3 |  4- 6 |  7- 9 | 10-12 | 13-15 | 16-18 | 19-21 | 22-24 | 25-27 || total
-------------------------+-------+-------+-------+-------+-------+-------+-------+-------+-------++-------
Melee: Unarmed           |     1 |       |       |       |       |       |       |       |       ||     1
       Short sword       |       |     5 |       |       |       |       |       |       |       ||     5
       Constrict         |       |     2 |     4 |     7 |    19 |    19 |     7 |     2 |     5 ||    65
       Hand axe          |       |     2 |     4 |       |       |       |       |       |       ||     6
       Tentacles         |       |     1 |     4 |    11 |    20 |    15 |     7 |       |     5 ||    63
       Dagger            |       |       |    27 |    55 |   118 |       |       |       |       ||   200
       Staff             |       |       |       |       |       |    58 |    18 |     6 |    16 ||    98
Throw: Throwing net      |       |       |       |       |       |       |       |     1 |     1 ||     2
 Cast: Flame Tongue      |    66 |   144 |   183 |   350 |   325 |    48 |       |       |       ||  1116
       Conjure Flame     |     2 |     3 |    16 |     5 |     4 |       |       |       |       ||    30
       Sticky Flame      |       |     1 |    14 |    40 |    82 |    33 |    10 |     5 |     2 ||   187
       Fireball          |       |       |     1 |    42 |   116 |   197 |    82 |    31 |     7 ||   476
       Bolt of Fire      |       |       |       |       |   199 |   332 |   256 |   257 |   346 ||  1390
       Bolt of Magma     |       |       |       |       |     5 |     9 |       |       |       ||    14
       Ignition          |       |       |       |       |       |    18 |    46 |    68 |    21 ||   153
       Bolt of Cold      |       |       |       |       |       |     1 |    26 |    54 |    32 ||   113
       Fire Storm        |       |       |       |       |       |       |     2 |    20 |   154 ||   176
       Regeneration      |       |       |       |       |       |       |       |       |    27 ||    27
       Sublimation of Bl |       |       |       |       |       |       |       |       |    36 ||    36
       Glaciate          |       |       |       |       |       |       |       |       |    16 ||    16
Evoke: Wand              |       |       |       |    11 |     9 |    10 |    24 |       |    10 ||    64
       Box of beasts     |       |       |       |       |     1 |       |       |       |       ||     1
  Use: Scroll            |       |     8 |     3 |    10 |     9 |    15 |    10 |     5 |    10 ||    70
       Potion            |       |     1 |     5 |     1 |     1 |     2 |     6 |       |     7 ||    23
 Stab: Sleeping          |       |       |       |       |       |       |       |       |     1 ||     1
  Eat: Chunk             |     3 |    31 |    18 |    39 |   140 |   143 |    93 |    84 |    58 ||   609
       Ration            |       |       |       |       |     1 |    10 |     8 |    12 |    28 ||    59
Armor: Skin              |    13 |    10 |    12 |    15 |    18 |    53 |    22 |    13 |    12 ||   168
Dodge: Dodged            |    41 |    45 |    62 |   164 |   316 |   326 |   112 |    65 |   117 ||  1248
Block: Buckler           |       |       |       |    37 |    69 |    91 |    25 |    21 |    32 ||   275

Table legend:
 A = Non-vault XP
 B = Vault XP
 C = Vault XP percentage of total XP
 D = Non-vault monster count
 E = Vault monster count
 F = Vault count percentage of total count
                 A         B        C        D         E       F
            +---------+---------+-------+---------+---------+-------
      Total |  861590 |  873813 |  50.4 |    1581 |     978 |  38.2
            +---------+---------+-------+---------+---------+-------
        D:1 |      28 |       0 |   0.0 |      17 |       0 |   0.0
        D:2 |     132 |       0 |   0.0 |      29 |       0 |   0.0
        D:3 |      96 |       0 |   0.0 |      26 |       0 |   0.0
        D:4 |     354 |      77 |  17.9 |      17 |       3 |  15.0
        D:5 |     242 |       0 |   0.0 |       4 |       0 |   0.0
        D:6 |     727 |     181 |  19.9 |      11 |       6 |  35.3
        D:7 |     954 |     121 |  11.3 |      25 |       1 |   3.8
        D:8 |    2354 |       0 |   0.0 |      23 |       0 |   0.0
        D:9 |    1703 |       0 |   0.0 |      23 |       0 |   0.0
       D:10 |    2440 |       2 |   0.1 |      36 |       1 |   2.7
       D:11 |    1910 |    6078 |  76.1 |      19 |      27 |  58.7
       D:12 |    3176 |    5001 |  61.2 |      29 |      23 |  44.2
       D:13 |    5512 |    2009 |  26.7 |      22 |       2 |   8.3
       D:14 |    9084 |   22218 |  71.0 |      34 |      52 |  60.5
       D:15 |   10818 |    1801 |  14.3 |      33 |       2 |   5.7
     Lair:1 |    3494 |       0 |   0.0 |      17 |       0 |   0.0
     Lair:2 |    2165 |    4873 |  69.2 |      10 |      35 |  77.8
     Lair:3 |    4911 |    1533 |  23.8 |      21 |       8 |  27.6
     Lair:4 |    2113 |    8205 |  79.5 |      10 |      11 |  52.4
     Lair:5 |    4426 |    1281 |  22.4 |      21 |       8 |  27.6
     Lair:6 |    9003 |   11159 |  55.3 |      22 |      27 |  55.1
   Shoals:1 |   10134 |       0 |   0.0 |      22 |       0 |   0.0
   Shoals:2 |    8806 |    9201 |  51.1 |      22 |       9 |  29.0
   Shoals:3 |    7693 |     689 |   8.2 |      16 |       2 |  11.1
   Shoals:4 |   11448 |   18793 |  62.1 |      23 |      28 |  54.9
   Spider:1 |   19276 |       0 |   0.0 |      50 |       0 |   0.0
   Spider:2 |   12677 |   15415 |  54.9 |      35 |      33 |  48.5
   Spider:3 |   11865 |       0 |   0.0 |      32 |       0 |   0.0
   Spider:4 |   11511 |   27856 |  70.8 |      32 |      42 |  56.8
    Slime:1 |    2371 |    1055 |  30.8 |       2 |       4 |  66.7
    Slime:2 |    7355 |       0 |   0.0 |      12 |       0 |   0.0
    Slime:3 |   10721 |       0 |   0.0 |      17 |       0 |   0.0
    Slime:4 |   13705 |       0 |   0.0 |      24 |       0 |   0.0
    Slime:5 |   14161 |   35249 |  71.3 |      26 |      14 |  35.0
      Orc:1 |    2703 |       0 |   0.0 |      49 |       0 |   0.0
      Orc:2 |    4084 |    6306 |  60.7 |      39 |      49 |  55.7
      Elf:1 |   13204 |   10639 |  44.6 |      25 |      18 |  41.9
      Elf:2 |   19597 |    9321 |  32.2 |      31 |      13 |  29.5
      Elf:3 |   23168 |   46619 |  66.8 |      37 |      31 |  45.6
   Vaults:1 |   17725 |   15277 |  46.3 |      25 |      27 |  51.9
   Vaults:2 |   45135 |   21015 |  31.8 |      69 |      18 |  20.7
   Vaults:3 |   12498 |   48987 |  79.7 |      22 |      56 |  71.8
   Vaults:4 |   40719 |   44656 |  52.3 |      71 |      59 |  45.4
   Vaults:5 |   51663 |  157948 |  75.4 |      86 |     100 |  53.8
   Depths:1 |   32303 |   26680 |  45.2 |      40 |      23 |  36.5
   Depths:2 |   28037 |   42559 |  60.3 |      31 |      37 |  54.4
   Depths:3 |   28398 |    3087 |   9.8 |      38 |      13 |  25.5
   Depths:4 |   54117 |    9545 |  15.0 |      67 |       9 |  11.8
   Depths:5 |   55645 |   37552 |  40.3 |      57 |      30 |  34.5
      Zot:1 |   56345 |       0 |   0.0 |      33 |       0 |   0.0
      Zot:2 |   27137 |       0 |   0.0 |      19 |       0 |   0.0
      Zot:3 |   36207 |       0 |   0.0 |      20 |       0 |   0.0
      Zot:4 |   78859 |   16508 |  17.3 |      45 |       2 |   4.3
      Zot:5 |   26681 |  161959 |  85.9 |      15 |      43 |  74.1
     Bailey |       0 |    2542 | 100.0 |       0 |      27 | 100.0
      IceCv |       0 |    6469 | 100.0 |       0 |      28 | 100.0
 Desolation |       0 |   33347 | 100.0 |       0 |      57 | 100.0
            +---------+---------+-------+---------+---------+-------
